 Dungeon Crawl Stone Soup version 0.17.0-24-gcfadda4 (webtiles) character file.

536 Raultor the Insei (level 7, -8/49 HPs)
             Began as an Octopode Monk on Nov 17, 2015.
             Killed from afar by an orc wizard (11 damage)
             ... with a puff of flame
             ... on level 5 of the Dungeon.
             The game lasted 00:06:37 (3418 turns).

Raultor the Insei (Octopode Monk)                   Turns: 3418, Time: 00:06:37

Health: -8/49      AC:  1    Str: 11    XL:     7   Next: 25%
Magic:  7/7        EV: 15    Int: 12    God:
Gold:   162        SH:  0    Dex: 16    Spells: 0 memorised, 6 levels left

rFire  . . .     SeeInvis .       - Unarmed
rCold  . . .     Clarity  .     (no shield)
rNeg   + . .     SustAt   .     (helmet restricted)
rPois  .         Gourm    .     (no amulet)
rElec  .         Spirit   .     p - ring of positive energy
rCorr  .         Warding  .     g - ring of wizardry
rMut   .         Stasis   .     t - ring of loudness (curse)
MR     .....                    (no ring)
Stlth  ++........               (no ring)
                                (no ring)
                                (no ring)
                                (no ring)

@: not resistant to hostile enchantments, unstealthy
A: almost no armour, amphibious, 8 rings, constrict 8, camouflage 1, gelatinous
body 1
a: no special abilities


You were on level 5 of the Dungeon.
You were hungry.

You visited 1 branch of the dungeon, and saw 5 of its levels.

You collected 162 gold pieces.

Inventory:

Jewellery
 g - a ring of wizardry (right tentacle)
 p - a ring of positive energy (left tentacle)
 t - a cursed ring of loudness (on tentacle)
Wands
 v - a wand of hasting (3)
Scrolls
 c - a scroll of recharging
 d - 3 scrolls of teleportation
 f - a scroll of remove curse
 h - 3 scrolls of amnesia
 r - a scroll of blinking {unknown}
Potions
 b - a potion of heal wounds {unknown}
 e - 2 potions of curing {unknown}
 i - a potion of mutation {unknown}
 j - a potion of might {unknown}
 l - a potion of poison {unknown}
 m - a potion of cancellation {unknown}
 n - 2 potions of lignification {unknown}
 q - a potion of beneficial mutation {unknown}
 u - a potion of magic {unknown}
Comestibles
 a - 3 bread rations
 k - 2 meat rations
 o - a slice of pizza
 s - 2 fruits


   Skills:
 + Level 4.7 Fighting
 + Level 5.3 Dodging
 - Level 2.6 Stealth
 + Level 6.2 Unarmed Combat


You had 6 spell levels left.
You didn't know any spells.

Dungeon Overview and Level Annotations

Branches:
Dungeon (5/15)
 Temple: D:4-7

Altars:
Trog
Yredelemnul

Annotations:
D:4 Menkaure


Innate Abilities, Weirdness & Mutations

You cannot wear most types of armour.
You are amphibious.
You can wear up to eight rings at the same time.
You can use your tentacles to constrict eight enemies at once.
Your skin changes colour to match your surroundings (Stealth).
Your rubbery body absorbs attacks (AC +1).


Message History

The orc wizard shouts!
The orc shouts!
Found a fizzy brown potion and a scroll labeled XUKOSHR VOITZ.
The ogre shouts!
The orc wizard points at you and mumbles some strange words.
The puff of flame hits you!
The orc wizard gestures wildly while chanting.
The orc wizard seems to speed up.
The orc barely misses you.
The orc wizard gestures at you while chanting.
The puff of flame hits you!
The orc wizard points at you and mumbles some strange words.
The puff of flame hits you!
The orc wizard casts a spell.
The orc wizard flickers and vanishes!
Deactivating autopickup; reactivate with Ctrl-A.
The ogre hits you with a giant club!!
* * * LOW HITPOINT WARNING * * *
You hear some strange, mumbled words.
A puff of flame appears from out of thin air!
The puff of flame hits you!
You die...

#...................
#<..................
#...................
#...................
#..oo...............
#.O.................
#.......####.####...
#.......##.....##...
#..@....#.......#...
#.......#.......#...
#..........._.......
#.......#.......#...
#.......#.......#...
#.......##.....##...
#........####.####...
#.#..................
#..................


You could see an ogre and 2 orcs.

Vanquished Creatures
  A water moccasin (D:5)
  2 ogres
  A jelly (D:5)
  An orc wizard (D:4)
  A giant frog skeleton (D:5)
  3 worker ants (D:4)
  A hound skeleton (D:4)
  4 adders
  A shadow imp (D:5)
  3 giant geckos
  10 orcs
  A ball python (D:1)
  4 bats
  3 goblins
  2 kobolds
  A quokka (D:4)
  7 giant cockroaches
  3 giant newts
  7 jackals (D:4)
  A quokka skeleton (D:5)
  4 rats
61 creatures vanquished.

Notes
Turn   | Place    | Note
--------------------------------------------------------------
     0 | D:1      | Raultor the Octopode Monk began the quest for the Orb.
     0 | D:1      | Reached XP level 1. HP: 16/16 MP: 1/1
   253 | D:1      | Reached XP level 2. HP: 21/21 MP: 2/2
   841 | D:2      | Reached XP level 3. HP: 21/26 MP: 3/3
   851 | D:2      | Found a basalt altar of Yredelemnul.
  1460 | D:3      | Noticed an ogre
  1471 | D:3      | Killed an ogre
  1471 | D:3      | Reached skill level 5 in Unarmed Combat
  1471 | D:3      | Reached XP level 4. HP: 29/33 MP: 4/4
  1471 | D:3      | Reached XP level 5. HP: 32/37 MP: 5/5
  2284 | D:4      | Reached XP level 6. HP: 26/43 MP: 6/6
  2449 | D:4      | HP: 2/43 [poisoned by a worker ant]
  2740 | D:4      | Noticed an ogre
  2753 | D:4      | Killed an ogre
  2996 | D:4      | Noticed Menkaure
  3009 | D:5      | Entered Level 5 of the Dungeon
  3184 | D:5      | Reached skill level 6 in Unarmed Combat
  3209 | D:5      | Noticed a water moccasin
  3220 | D:5      | Killed a water moccasin
  3220 | D:5      | Reached skill level 5 in Dodging
  3220 | D:5      | Reached XP level 7. HP: 32/49 MP: 7/7
  3371 | D:5      | Found a bloodstained altar of Trog.
  3413 | D:5      | HP: 2/49 [ogre/giant club (24)]
  3418 | D:5      | Killed from afar by an orc wizard

Action                   |  1- 3 |  4- 6 |  7- 9 || total
-------------------------+-------+-------+-------++-------
Melee: Unarmed           |    53 |    96 |     2 ||   151
  Use: Scroll            |       |     5 |       ||     5
 Stab: Sleeping          |     9 |     6 |       ||    15
       Distracted        |     1 |       |       ||     1
  Eat: Chunk             |     2 |     5 |       ||     7
